 Dungeon Crawl Stone Soup version 0.30.1-3-gfc49f6343a (webtiles) character file.

Game seed: 9753947910926821061

156 Tirrikindir the Ducker (level 5, 0/36 HPs)
             Began as an Octopode Fighter on July 25, 2023.
             Slain by a rat (2 damage)
             ... on level 3 of the Dungeon.
             The game lasted 00:07:12 (1800 turns).

Tirrikindir the Ducker (Octopode Fighter)           Turns: 1800, Time: 00:07:12

Health: 0/36       AC:  1    Str: 15    XL:     5   Next: 37%
Magic:  5/5        EV: 13    Int: 10    God:
Gold:   111        SH:  5    Dex: 14    Spells: 4/4 levels left

rFire   . . .        d - +7 sceptre of Torment {pain, torment}
rCold   . . .        b - +0 buckler
rNeg    . . .        (helmet restricted)
rPois   .            (no amulet)
rElec   .            (no ring)
rCorr   .            (no ring)
SInv    .            (no ring)
Will    .....        (no ring)
Stlth   +++          (no ring)
HPRegen 0.26/turn    (no ring)
MPRegen 0.09/turn    (no ring)
                     (no ring)

%: no passive effects
@: no status effects
A: almost no armour, amphibious, 8 rings, camouflage 1, gelatinous body 1,
(nimble swimmer 1), tentacles
a: no special abilities


You were on level 3 of the Dungeon.
You visited 1 branch of the dungeon, and saw 3 of its levels.

You collected 163 gold pieces.
You spent 52 gold pieces at shops.

Inventory:

Hand Weapons
 d - the +7 sceptre of Torment (weapon) {pain, torment}
   (You found it on level 2 of the Dungeon)
Missiles
 i - 2 poisoned darts (quivered)
Armour
 b - a +0 buckler (worn)
Scrolls
 a - a scroll of butterflies {unknown}
 c - a scroll of acquirement {unknown}
 e - a scroll of vulnerability {unknown}
 f - a scroll of enchant armour
 g - 2 scrolls of fear {unknown}
 h - 2 scrolls of enchant weapon {unknown}
 j - a scroll of fog {unknown}
 m - a scroll of immolation {unknown}
Potions
 k - a potion of haste


   Skills:
 + Level 3.5 Fighting
 - Level 2.9 Long Blades
 * Level 1.1 Maces & Flails
 + Level 1.0 Throwing
 + Level 3.6 Dodging
 + Level 2.4 Stealth
 + Level 3.4 Shields
 + Level 0.5 Necromancy


You had 4 spell levels left.
You didn't know any spells.
Your spell library contained the following spells:

 Spells                   Type           Power      Damage    Failure   Level
 Magic Dart               Conj           0%         1d3       45%         1
 Slow                     Hex            0%         N/A       45%         1
 Searing Ray              Conj           0%         2d4       58%         2
 Vampiric Draining        Necr           1%         2d6       77%         3
 Confusing Touch          Hex            0%         N/A       83%         3
 Ignite Poison            Fire/Tmut/Pois 0%         N/A       83%         3
 Fulminant Prism          Conj/Hex       0%         3d5       99%         4
 Sticky Flame             Conj/Fire      0%         2d3       99%         4
 Ignition                 Fire           0%         3d3       100%        8


Dungeon Overview and Level Annotations

Branches:
Dungeon (3/15)

Altars:

Shops:
D:2 ?


Innate Abilities, Weirdness & Mutations

You cannot wear most types of armour.
You are amphibious.
You can wear up to eight rings at the same time.
Your skin changes colour to match your surroundings (Stealth+).
Your rubbery body absorbs attacks. (AC +1, EV +1)
((You are camouflaged when in or above water. (Stealth+)))
You have tentacles for arms and can constrict up to eight enemies at once.


Message History

You hit Ijyb but do no damage. Your grab misses Ijyb.
Ijyb is heavily wounded.
You hear the rusting of a very distant drain.
Ijyb hits you with a +0 dagger. Ijyb barely misses you.
You barely miss Ijyb. Your grab misses Ijyb. You squeeze Ijyb.
Ijyb is severely wounded.
The rat bites you.
* * * LOW HITPOINT WARNING * * *
You block Ijyb's attack.
Okay, then.
You barely miss Ijyb. You grab Ijyb.
You tentacle-slap Ijyb, but do no damage.
You squeeze Ijyb, but do no damage.
Ijyb is severely wounded.
You constrict Ijyb, but do no damage. Ijyb closely misses you.
The rat closely misses you. You block Ijyb's attack.
The rat bites you but does no damage.
You thump Ijyb!
You kill Ijyb!
You block the rat's attack.
Your Maces & Flails skill increases to level 1!
Your Throwing skill increases to level 1!
You bludgeon the worm!!
You kill the worm!
A rat comes into view.
The rat bites you but does no damage. The rat closely misses you.
You sock the jelly!
Your tentacles burn!
* * * LOW HITPOINT WARNING * * *
The jelly is almost dead.
The rat closely misses you. The jelly hits you.
* * * LOW HITPOINT WARNING * * *
You are splashed with acid.
* * * LOW HITPOINT WARNING * * *
It was a potion of magic.
Magic courses through your body. The jelly completely misses you.
The rat closely misses you.
You thump the jelly!
You kill the jelly!
The rat twitches its whiskers.
The rat bites you.
You die...

.......# ...... #
#>.... #.###r.#.#
......#.#
######...#.#
..<........#######♣.
#.....r@).r....
#<#########.#.. #.#
#.# #### #.# ...###.#
###..##.# ##.##.##.#
#####
#...#....########.(.#


You could see 2 rats.

Vanquished Creatures
  A jelly (D:3)
  Crazy Yiuf (D:2)
  Ijyb (D:3)
  4 gnolls (D:2)
  A worm (D:3)
  3 dart slugs
  4 bats
  3 endoplasms (D:1)
  A giant cockroach (D:1)
  9 goblins
  6 hobgoblins
  6 jackals
  5 kobolds
  2 ball pythons (D:1)
  2 frilled lizards
  5 rats
54 creatures vanquished.

Vanquished Creatures (others)
  2 hobgoblins (D:3)
2 creatures vanquished.

Grand Total: 56 creatures vanquished

Notes
Turn   | Place    | Note
-------+----------+-------------------------------------------
     0 | D:1      | Tirrikindir the Octopode Fighter began the quest for the
                  | Orb.
     0 | D:1      | Reached XP level 1. HP: 16/16 MP: 1/1
   201 | D:1      | Reached XP level 2. HP: 19/21 MP: 2/2
   450 | D:1      | Reached skill level 1 in Stealth
   453 | D:1      | Reached XP level 3. HP: 13/26 MP: 3/3
  1040 | D:2      | Reached XP level 4. HP: 28/31 MP: 4/4
  1147 | D:2      | Found Foxom's Magic Scroll Boutique.
  1153 | D:2      | Bought a scroll of identify for 26 gold pieces
  1153 | D:2      | Bought a scroll of identify for 26 gold pieces
  1168 | D:2      | Found the +7 sceptre of Torment {pain, torment}
  1183 | D:2      | Found a runed translucent door.
  1184 | D:2      | Noticed Crazy Yiuf
  1189 | D:2      | Killed Crazy Yiuf
  1726 | D:3      | Reached XP level 5. HP: 36/36 MP: 5/5
  1787 | D:3      | Noticed Ijyb
  1796 | D:3      | Killed Ijyb
  1797 | D:3      | Reached skill level 1 in Maces & Flails
  1797 | D:3      | Reached skill level 1 in Throwing
  1800 | D:3      | Slain by a rat

Illustrated notes

Levels and vault maps discovered:
D:1:      dpeg_arrival_another_circle, layout_basic, minmay_hexomino_c4
D:2:      layout_basic, serial_shops, nicolae_shop_tiny_statue_garden,
          uniq_crazy_yiuf_cottage
D:3:      cheibrodos_greedy_goblins, layout_loops_ring, portal_sewer_entry_e,
          hellmonk_ecumenical_altar_arch_garden, uniq_ijyb, uniq_sigmund

Skill      XL: |  1  2  3  4  5 |
---------------+----------------+-----
Stealth        | 1 2 |  2.4
Maces & Flails | 1 |  1.1
Throwing       | 1 |  1.0
Fighting       | |  3.5
Long Blades    | |  2.9
Dodging        | |  3.6
Shields        | |  3.4
Necromancy     | |  0.5

Action                     |  1- 3 |  4- 6 || total
---------------------------+-------+-------++-------
  Melee: Long sword        |    60 |     4 ||    64
         Constrict         |    14 |     4 ||    18
         Tentacles         |     4 |     2 ||     6
         Eveningstar       |       |    28 ||    28
         Punch             |       |     1 ||     1
  Throw: Dart              |     2 |       ||     2
    Use: Scroll            |     1 |     2 ||     3
         Potion            |     1 |     1 ||     2
   Stab: Sleeping          |     6 |     3 ||     9
 Armour: Skin              |     3 |     3 ||     6
  Dodge: Dodged            |    38 |    19 ||    57
  Block: Buckler           |    18 |     8 ||    26
